 Dungeon Crawl Stone Soup version 0.31-a0-150-g89dc3ad700 (webtiles) character file.

Game seed: 6793171925733457379

300 qw the Shooter (level 6, 0/38 HPs)
             Began as a Gargoyle Hunter on June 8, 2023.
             Slain by an ogre
             ... wielding a +0 giant club
              (20 damage)
             ... on level 4 of the Dungeon.
             The game lasted 00:00:57 (2916 turns).

qw the Shooter (Gargoyle Hunter)                    Turns: 2916, Time: 00:00:58

Health: 0/38       AC: 12    Str: 15    XL:     6   Next: 36%
Magic:  6/6        EV: 11    Int:  9    God:
Gold:   241        SH:  5    Dex: 15    Spells: 5/5 levels left

rFire   . . .        Y - +0 shortbow
rCold   . . .        (shield currently unavailable)
rNeg    + . .        f - +0 ring mail
rPois   inf          (no helmet)
rElec   +            (no cloak)
rCorr   .            (no gloves)
SInv    .            k - +2 pair of boots
Will    .....        e - amulet of reflection
Stlth   +            (no ring)
HPRegen 0.26/turn    (no ring)
MPRegen 0.10/turn

%: reflection
@: no status effects
A: sickness immunity, AC +4, negative energy resistance 1, electricity
resistance, torment resistance 1, petrification resistance
a: no special abilities


You were on level 4 of the Dungeon.
You visited 1 branch of the dungeon, and saw 4 of its levels.

You collected 241 gold pieces.


Innate Abilities, Weirdness & Mutations

You are immune to sickness and miasma.
Your stone body is resilient. (AC +4)
You are immune to poison.
You resist negative energy. (rN+)
You are resistant to electric shocks. (rElec)
You are resistant to unholy torment.
You are immune to petrification.


   Skills:
 - Level 4.3 Fighting
 + Level 6.3 Ranged Weapons
 - Level 1.7 Armour
 - Level 1.5 Dodging
 - Level 1.1 Stealth


You had 5 spell levels left.
You didn't know any spells.
Your spell library was empty.

Inventory:

Hand Weapons
 Y - a +0 shortbow (weapon)
Armour
 c - a +2 hat
 f - a +0 ring mail (worn)
 k - a +2 pair of boots (worn)
Jewellery
 e - an amulet of reflection (around neck)
Scrolls
 d - a scroll of identify
Potions
 a - a potion of degeneration {unknown}
 b - a potion of resistance {unknown}
 h - a potion of heal wounds {unknown}
 i - a potion of curing {unknown}

Dungeon Overview and Level Annotations

Branches:
Dungeon (4/15)
 Temple: D:4-7

Altars:

Shops:
D:2 (

Annotations:
D:2 1 runed translucent door, Crazy Yiuf
D:4 4 runed translucent doors


Message History

The jelly is almost dead.
The jelly hits you but does no damage.
You shoot an arrow. The arrow hits the jelly!
You kill the jelly!
There is an escape hatch in the ceiling here.
You now have 241 gold pieces (gained 6).
An ogre comes into view. It is wielding a +0 giant club.
Enter note:
Enter note:
Enter note:
Enter note:
Enter note:
Enter note:
Enter note:
Enter note:
Enter note: You shoot an arrow.
The arrow hits the ogre.
The ogre is lightly wounded.
You shoot an arrow. The arrow hits the ogre.
The ogre is moderately wounded.
You shoot an arrow. The arrow hits the ogre.
The ogre is moderately wounded.
You shoot an arrow. The arrow hits the ogre.
The ogre is heavily wounded.
You shoot an arrow. The arrow hits the ogre.
The ogre is severely wounded.
The ogre closely misses you.
You shoot an arrow. The arrow hits the ogre.
The ogre is severely wounded.
You block the ogre's attack.
You shoot an arrow. The arrow completely misses the ogre.
The ogre hits you with a +0 giant club!!
Ouch! That really hurt!
You shoot an arrow. The arrow barely misses the ogre.
You shoot an arrow. The arrow barely misses the ogre.
You block the ogre's attack.
You shoot an arrow. The arrow barely misses the ogre.
The ogre hits you with a +0 giant club!!
Ouch! That really hurt!
You die...

#..............######.####.######
#......#####.### #.####.#
#......# #...########......#
#......###.####.<.......####
#.............#.........#
#.............#.........#
#######....................
#.......#.........###
#.......#.@O......#
#...(...#...(.....#
#.......#.........#
#########......... ##########


You could see an ogre.

Vanquished Creatures
  A scorpion (D:4)
  A hound (D:4)
  2 orc priests (D:3)
  A jelly (D:4)
  Jessica (D:2)
  2 adders
  2 worms (D:2)
  3 dart slugs
  4 orcs
  6 bats
  4 endoplasms
  3 giant cockroaches
  9 goblins
  8 hobgoblins
  2 jackals (D:2)
  2 quokkas (D:1)
  4 ball pythons
  5 frilled lizards
  5 kobolds
  4 rats
69 creatures vanquished.

Notes
Turn   | Place    | Note
-------+----------+-------------------------------------------
     0 | D:1      | qw the Gargoyle Hunter began the quest for the Orb.
     0 | D:1      | Reached XP level 1. HP: 12/12 MP: 1/1
     0 | D:1      | 0 ||| qw: Version: 0.2-a-119-g7aa9181
     0 | D:1      | 0 ||| qw: Game counter: 2884
     0 | D:1      | 0 ||| qw: Always use a shield: true
     0 | D:1      | 0 ||| qw: God list: Okawaru
     0 | D:1      | 0 ||| qw: Allow faded altars: false
     0 | D:1      | 0 ||| qw: Do Orc after D:15 true
     0 | D:1      | 0 ||| qw: Do second Lair branch before Depths: true
     0 | D:1      | 0 ||| qw: Lair rune preference: random
     0 | D:1      | 0 ||| qw: Plans: Normal
     0 | D:1      | 0 ||| PLANNING D:1-11
   153 | D:1      | Reached XP level 2. HP: 17/17 MP: 2/2
   804 | D:1      | 804 ||| UPGRADING to +2 pair of boots.
   809 | D:1      | 809 ||| UPGRADING to amulet of reflection.
   814 | D:1      | 814 ||| DROPPING ring of wizardry.
   815 | D:1      | 815 ||| READING scroll labelled YCKAXT LUARU.
   816 | D:1      | 816 ||| READING scroll labelled EWUCZU XUUCAT.
   917 | D:1      | 917 ||| READING 3 scrolls labelled CYGRUO FEDITA.
   918 | D:1      | 918 ||| READING scroll labelled GEH GOYNKEUQUD.
   919 | D:1      | 919 ||| DROPPING scroll of butterflies.
   920 | D:1      | 920 ||| DROPPING 2 scrolls of amnesia.
   952 | D:2      | Reached XP level 3. HP: 21/21 MP: 3/3
  1018 | D:2      | Reached skill level 5 in Ranged Weapons
  1211 | D:2      | Noticed Jessica
  1218 | D:2      | Killed Jessica
  1219 | D:2      | Reached skill level 3 in Fighting
  1219 | D:2      | Reached XP level 4. HP: 28/28 MP: 4/4
  1254 | D:2      | Found Fozxona's Antique Weapon Shoppe.
  1320 | D:2      | Found a runed translucent door.
  1321 | D:2      | Noticed Crazy Yiuf
  1931 | D:3      | HP: 4/28 [orc priest/divine providence (10)]
  1933 | D:3      | Reached XP level 5. HP: 5/32 MP: 5/5
  2045 | D:3      | HP: 6/32 [orc priest/divine providence (12)]
  2048 | D:3      | Reached skill level 6 in Ranged Weapons
  2473 | D:3      | 2473 ||| UPGRADING to +0 ring mail.
  2483 | D:3      | 2483 ||| DROPPING +0 leather armour.
  2484 | D:3      | 2484 ||| READING scroll labelled GIGHIPROESH.
  2634 | D:4      | Reached skill level 1 in Armour
  2681 | D:4      | Found a large runed translucent door.
  2682 | D:4      | Found a large runed translucent door.
  2682 | D:4      | Found the +2 shield of Resistance {rF++ rC++ Will++}
  2696 | D:4      | Reached XP level 6. HP: 30/38 MP: 6/6
  2725 | D:4      | Found a large runed translucent door.
  2725 | D:4      | Found a large runed translucent door.
  2916 | D:4      | Slain by an ogre

Levels and vault maps discovered:
D:1:      minmay_arrival_diagonal_passages, layout_loops_corners
D:2:      layout_loops_ring, serial_shops, nicolae_shop_tiny_statue_garden,
          uniq_jessica, uniq_crazy_yiuf_cottage
D:3:      layout_loops_ring
D:4:      layout_rooms, minmay_hollow_rounded_squares

Skill      XL: |  1  2  3  4  5 |
---------------+----------------+-----
Ranged Weapons | 5 6 |  6.3
Fighting       | 3 4 |  4.3
Armour         | 1 |  1.7
Dodging        | |  1.5
Stealth        | |  1.1

Action                     |  1- 3 |  4- 6 || total
---------------------------+-------+-------++-------
   Fire: Shortbow          |    70 |   156 ||   226
    Use: Scroll            |     4 |     1 ||     5
 Armour: Leather armour    |     1 |    21 ||    22
         Ring mail         |       |     6 ||     6
  Dodge: Dodged            |     4 |    49 ||    53
  Block: Other             |     2 |    15 ||    17
         Reflection        |       |     2 ||     2

Table legend:
 A = Non-vault XP
 B = Vault XP
 C = Vault XP percentage of total XP
 D = Non-vault monster count
 E = Vault monster count
 F = Vault count percentage of total count
                 A         B        C        D         E       F
            +---------+---------+-------+---------+---------+-------
      Total |     392 |      37 |   8.6 |      68 |       1 |   1.4
            +---------+---------+-------+---------+---------+-------
        D:1 |      33 |       0 |   0.0 |      21 |       0 |   0.0
        D:2 |      55 |      37 |  40.2 |      20 |       1 |   4.8
        D:3 |     128 |       0 |   0.0 |      19 |       0 |   0.0
        D:4 |     176 |       0 |   0.0 |       8 |       0 |   0.0
            +---------+---------+-------+---------+---------+-------
